[Event "Turkish Cup 2022"]
[Site "Sakarya"]
[Date "2022.03.26"]
[Round "2.20"]
[White "Atayman, Evren"]
[Black "Ererdem, Gani Eren"]
[Result "0-1"]
[ECO "A48"]
[WhiteElo "1662"]
[BlackElo "2134"]
[Annotator "ChessBase"]
[PlyCount "78"]
[EventDate "2022.03.25"]
[EventType "swiss"]
[EventCountry "TUR"]
[SourceTitle "playchess.com"]
[Source "ChessBase"]
[SourceQuality "1"]
[TimeControl "5400+30"]

1. d4 g6 2. Nf3 d6 3. e3 Bg7 4. b3 Nf6 5. Bb2 O-O 6. Be2 Nc6 7. O-O e5 8. dxe5 Ng4 9. Nbd2 Ngxe5 10. Nxe5 Nxe5 11. Qc1 Qe7 12. Nc4 Rd8 13. Nxe5 dxe5 14. c4 h5 15. Qc3 Bg4 16. f3 Be6 17. Rad1 Rxd1 18. Rxd1 a5 19. c5 a4 20. Bc4 axb3 21. axb3 Bxc4 22. Qxc4 Ra2 23. Qc3 Kh7 24. Ra1 Rxb2 25. Qxb2 e4 26. Qc1 Bxa1 27. Qxa1 Qxc5 28. Qe1 exf3 29. gxf3 Qd5 30. Kg2 Qxb3 31. Qa5 b6 32. Qe5 c5 33. Qc7 Qe6 34. f4 c4 35. e4 Qxe4+ 36. Kf2 Qd4+ 37. Kg3 Qe3+ 38. Kh4 Qf2+ 39. Kg5 Qc5+ 0-1

[Event "Turkish Cup 2022"]
[Site "Sakarya"]
[Date "2022.03.26"]
[Round "2.21"]
[White "Guven, Oguz Kagan"]
[Black "Oktem, Ege Tuna"]
[Result "1/2-1/2"]
[ECO "A11"]
[WhiteElo "2157"]
[BlackElo "1614"]
[Annotator "ChessBase"]
[PlyCount "104"]
[EventDate "2022.03.25"]
[EventType "swiss"]
[EventCountry "TUR"]
[SourceTitle "playchess.com"]
[Source "ChessBase"]
[SourceQuality "1"]
[TimeControl "5400+30"]

1. Nf3 d5 2. g3 Nf6 3. Bg2 g6 4. b3 Bg7 5. Bb2 O-O 6. c4 c6 7. O-O a5 8. Nc3 Na6 9. d4 Nc7 10. Ne5 h5 11. e4 Nxe4 12. Nxe4 dxe4 13. Bxe4 Bh3 14. Re1 Ne6 15. d5 cxd5 16. Bxd5 Qc7 17. Qe2 Bf5 18. Nxf7 Bxb2 19. Nh6+ Kh7 20. Qxb2 Ng5 21. Nxf5 Rxf5 22. f4 Qc5+ 23. Kh1 Rxd5 24. cxd5 Nf3 25. Rf1 Nd4 26. Rad1 Qxd5+ 27. Qg2 Qc5 28. Qxb7 Ra7 29. Qe4 Nf5 30. Rc1 Qa3 31. Rc6 Qxa2 32. Qe6 Nd6 33. Rb6 Qb2 34. Qe5 Qd2 35. Rb8 Nf7 36. Qe6 Nh6 37. Qe5 Nf7 38. Qe4 Nd6 39. Qe6 Qc3 40. Qg8+ Kh6 41. Qf8+ Kh7 42. Qg8+ Kh6 43. Qh8+ Qxh8 44. Rxh8+ Kg7 45. Rb8 Nf5 46. Ra1 Rd7 47. Ra2 h4 48. gxh4 Nxh4 49. Kg1 Rd4 50. Rxa5 Rd2 51. Kf1 Nf3 52. Re5 Nxh2+ 1/2-1/2

[Event "Turkish Cup 2022"]
[Site "Sakarya"]
[Date "2022.03.26"]
[Round "2.22"]
[White "Sakmak, Kutay"]
[Black "Kul, Ozdemir Efe"]
[Result "1/2-1/2"]
[ECO "B06"]
[WhiteElo "1718"]
[BlackElo "2042"]
[Annotator "ChessBase"]
[PlyCount "65"]
[EventDate "2022.03.25"]
[EventType "swiss"]
[EventCountry "TUR"]
[SourceTitle "playchess.com"]
[Source "ChessBase"]
[SourceQuality "1"]
[TimeControl "5400+30"]

1. e4 g6 2. d4 Bg7 3. Nc3 c6 4. Be3 d6 5. Qd2 Nd7 6. f3 a6 7. Bd3 b5 8. Nge2 Bb7 9. Ng3 Qc7 10. Nce2 e5 11. c3 h5 12. O-O Ngf6 13. Nh1 c5 14. a4 c4 15. Bc2 O-O 16. Nf2 Rfe8 17. Rfd1 d5 18. dxe5 Nxe5 19. exd5 Nxd5 20. Bd4 Rad8 21. Ne4 Ne7 22. axb5 axb5 23. Qg5 Nd5 24. f4 Ng4 25. Bxg7 Kxg7 26. N4g3 Nde3 27. Nxh5+ Kf8 28. Bxg6 Qc6 29. Be4 Qxe4 30. Qg7+ Ke7 31. Qg5+ Kf8 32. Qg7+ Ke7 33. Qg5+ 1/2-1/2

[Event "Turkish Cup 2022"]
[Site "Sakarya"]
[Date "2022.03.26"]
[Round "2.23"]
[White "Tarhan, Adar"]
[Black "Kaygisiz, Ozgur Can"]
[Result "0-1"]
[ECO "B81"]
[WhiteElo "2125"]
[BlackElo "1744"]
[Annotator "ChessBase"]
[PlyCount "60"]
[EventDate "2022.03.25"]
[EventType "swiss"]
[EventCountry "TUR"]
[SourceTitle "playchess.com"]
[Source "ChessBase"]
[SourceQuality "1"]
[TimeControl "5400+30"]

1. e4 c5 2. Nf3 d6 3. d4 cxd4 4. Nxd4 Nf6 5. Nc3 a6 6. h3 e6 7. g4 b5 8. g5 b4 9. gxf6 bxc3 10. fxg7 Bxg7 11. b3 Bb7 12. Bg2 Rg8 13. Bf3 Nd7 14. Rg1 Qh4 15. Nxe6 fxe6 16. Bh5+ Ke7 17. Bg4 Raf8 18. Be3 Bh6 19. Qd4 Bxe3 20. Qxe3 h5 21. O-O-O hxg4 22. Qxc3 Qg5+ 23. Kb1 Qc5 24. Qg3 Rxf2 25. c3 Bxe4+ 26. Ka1 Rgf8 27. b4 Qe5 28. Qh4+ R8f6 29. Rd4 Qh2 30. Qh7+ Bxh7 0-1

[Event "Turkish Cup 2022"]
[Site "Sakarya"]
[Date "2022.03.26"]
[Round "2.25"]
[White "Caputcuoglu, Zeki Berke"]
[Black "Gozubuyukoglu, Selami"]
[Result "1-0"]
[ECO "C47"]
[WhiteElo "2095"]
[BlackElo "1747"]
[Annotator "ChessBase"]
[PlyCount "89"]
[EventDate "2022.03.25"]
[EventType "swiss"]
[EventCountry "TUR"]
[SourceTitle "playchess.com"]
[Source "ChessBase"]
[SourceQuality "1"]
[TimeControl "5400+30"]

1. e4 e5 2. Nf3 Nc6 3. Nc3 Nf6 4. a3 a6 5. d4 exd4 6. Nxd4 Bc5 7. Be3 Nxd4 8. Bxd4 Bxd4 9. Qxd4 d6 10. O-O-O Qe7 11. f4 O-O 12. Be2 Be6 13. g4 c5 14. Qxd6 Qxd6 15. Rxd6 Bxg4 16. Rxf6 Bxe2 17. Rf5 Bg4 18. Rxc5 Rac8 19. Rxc8 Rxc8 20. Rg1 Bf3 21. Kd2 f5 22. e5 Kf7 23. Ke3 Bc6 24. Rd1 Re8 25. Rd6 Ke7 26. Kd4 h6 27. Nd5+ Kf7 28. c4 Rc8 29. e6+ Ke8 30. Ke5 b5 31. c5 g5 32. fxg5 hxg5 33. Kxf5 Rd8 34. Rxc6 Rxd5+ 35. Kf6 Rd8 36. Rc7 Rd2 37. Rc8+ Rd8 38. Rxd8+ Kxd8 39. Kf7 Kc7 40. e7 Kc6 41. e8=Q+ Kxc5 42. Qe4 a5 43. b4+ axb4 44. axb4+ Kd6 45. Qe6+ 1-0

[Event "Turkish Cup 2022"]
[Site "Sakarya"]
[Date "2022.03.26"]
[Round "2.27"]
[White "Kilic, Eray"]
[Black "Aydogdu, Aril"]
[Result "1-0"]
[ECO "B34"]
[WhiteElo "2088"]
[BlackElo "1622"]
[Annotator "ChessBase"]
[PlyCount "45"]
[EventDate "2022.03.25"]
[EventType "swiss"]
[EventCountry "TUR"]
[SourceTitle "playchess.com"]
[Source "ChessBase"]
[SourceQuality "1"]
[TimeControl "5400+30"]

1. e4 c5 2. Nf3 Nc6 3. Bb5 d6 4. d4 cxd4 5. Nxd4 Bd7 6. Nc3 g6 7. Be3 Bg7 8. f3 h5 9. Qd2 Nf6 10. O-O-O Ne5 11. f4 Neg4 12. Bg1 Bh6 13. Kb1 Rc8 14. h3 Ne5 15. Be3 Nc6 16. e5 Nxd4 17. Qxd4 dxe5 18. fxe5 Bxb5 19. exf6 Qxd4 20. Bxd4 Bc6 21. fxe7 Rg8 22. Bf6 Bd7 23. Ne4 1-0

[Event "Turkish Cup 2022"]
[Site "Sakarya"]
[Date "2022.03.26"]
[Round "2.29"]
[White "Baltaci, Ismail Tarik"]
[Black "Elmas, Mustafa"]
[Result "1-0"]
[ECO "B93"]
[WhiteElo "2033"]
[BlackElo "1614"]
[Annotator "ChessBase"]
[PlyCount "45"]
[EventDate "2022.03.25"]
[EventType "swiss"]
[EventCountry "TUR"]
[SourceTitle "playchess.com"]
[Source "ChessBase"]
[SourceQuality "1"]
[TimeControl "5400+30"]

1. e4 c5 2. Nc3 a6 3. f4 d6 4. Nf3 Nf6 5. d4 cxd4 6. Nxd4 Qc7 7. Bd3 e5 8. Nf3 Nbd7 9. O-O Be7 10. Kh1 O-O 11. Qe1 b5 12. Nh4 Nb6 13. fxe5 dxe5 14. Nf5 Bxf5 15. exf5 Bb4 16. Qg3 Kh8 17. Ne4 Rac8 18. Nxf6 gxf6 19. Qh4 Be7 20. Rf3 Rg8 21. Qxh7+ Kxh7 22. Rh3+ Kg7 23. Bh6+ 1-0

[Event "Turkish Cup 2022"]
[Site "Sakarya"]
[Date "2022.03.26"]
[Round "2.30"]
[White "Karacor, Kemal"]
[Black "Yavuz, Efe Metehan"]
[Result "0-1"]
[ECO "D39"]
[WhiteElo "1700"]
[BlackElo "2054"]
[Annotator "ChessBase"]
[PlyCount "72"]
[EventDate "2022.03.25"]
[EventType "swiss"]
[EventCountry "TUR"]
[SourceTitle "playchess.com"]
[Source "ChessBase"]
[SourceQuality "1"]
[TimeControl "5400+30"]

1. d4 d5 2. c4 e6 3. Nf3 Nf6 4. Bg5 Bb4+ 5. Nc3 dxc4 6. Bxf6 Qxf6 7. e3 b5 8. a3 Bxc3+ 9. bxc3 Nd7 10. Be2 Bb7 11. O-O O-O 12. Ne1 Nb6 13. Qd2 Rfd8 14. Bf3 Bxf3 15. Nxf3 c5 16. Qb2 a6 17. Rfd1 cxd4 18. exd4 Na4 19. Qc2 Qg6 20. Rdc1 Qxc2 21. Rxc2 Rd5 22. Ne5 f6 23. Nc6 Rd6 24. Nb4 Rad8 25. f4 Kf7 26. Kf2 a5 27. Na2 e5 28. fxe5 fxe5 29. Rb1 Rd5 30. Nc1 exd4 31. cxd4 Rf5+ 32. Ke3 Re8+ 33. Kd2 Rf2+ 34. Kd1 Rf1+ 35. Kd2 c3+ 36. Kd3 Rd1+ 0-1

[Event "Turkish Cup 2022"]
[Site "Sakarya"]
[Date "2022.03.26"]
[Round "2.33"]
[White "Koc, Ilkay"]
[Black "Ulu, Ekrem"]
[Result "1-0"]
[ECO "A06"]
[WhiteElo "1995"]
[BlackElo "1692"]
[Annotator "ChessBase"]
[PlyCount "55"]
[EventDate "2022.03.25"]
[EventType "swiss"]
[EventCountry "TUR"]
[SourceTitle "playchess.com"]
[Source "ChessBase"]
[SourceQuality "1"]
[TimeControl "5400+30"]

1. d4 d5 2. c4 c6 3. Nf3 Nf6 4. e3 e6 5. Bd3 Bd6 6. b3 Nbd7 7. Bb2 b6 8. Nbd2 Bb7 9. O-O O-O 10. Ne5 c5 11. f4 Ne4 12. cxd5 exd5 13. Nxe4 dxe4 14. Bc4 Nf6 15. Ng4 Be7 16. Qe2 Nxg4 17. Qxg4 Bf6 18. Rad1 Qe7 19. Ba3 Rad8 20. dxc5 bxc5 21. Qf5 Rxd1 22. Rxd1 Rd8 23. Rxd8+ Qxd8 24. Qxc5 h6 25. Qh5 Qd7 26. h3 Bc3 27. Kh2 Ba5 28. Qxa5 1-0

[Event "Turkish Cup 2022"]
[Site "Sakarya"]
[Date "2022.03.26"]
[Round "2.34"]
[White "Temizer, Umut"]
[Black "Ilcin, Murat Veysi"]
[Result "1-0"]
[ECO "C50"]
[WhiteElo "1972"]
[BlackElo "1588"]
[Annotator "ChessBase"]
[PlyCount "51"]
[EventDate "2022.03.25"]
[EventType "swiss"]
[EventCountry "TUR"]
[SourceTitle "playchess.com"]
[Source "ChessBase"]
[SourceQuality "1"]
[TimeControl "5400+30"]

1. e4 e5 2. Nf3 Nc6 3. Bc4 Be7 4. d4 exd4 5. Nxd4 d6 6. O-O Nf6 7. Nc3 Ne5 8. Be2 O-O 9. Bf4 c6 10. a4 a5 11. Qd2 Qb6 12. h3 Bd7 13. Rfd1 Rad8 14. Qe3 Rfe8 15. Nf5 Qc7 16. Nxe7+ Rxe7 17. Bg5 Be6 18. f4 Nc4 19. Bxc4 Bxc4 20. Qd4 d5 21. e5 c5 22. Qf2 d4 23. exf6 Ree8 24. fxg7 Rc8 25. Nb5 Qd7 26. Re1 1-0

[Event "Turkish Cup 2022"]
[Site "Sakarya"]
[Date "2022.03.26"]
[Round "2.35"]
[White "Melik, Enes"]
[Black "Maruflu, Enes Yusuf"]
[Result "0-1"]
[ECO "A02"]
[WhiteElo "1592"]
[BlackElo "1945"]
[Annotator "ChessBase"]
[PlyCount "90"]
[EventDate "2022.03.25"]
[EventType "swiss"]
[EventCountry "TUR"]
[SourceTitle "playchess.com"]
[Source "ChessBase"]
[SourceQuality "1"]
[TimeControl "5400+30"]

1. f4 Nf6 2. Nf3 g6 3. b3 Bg7 4. Bb2 O-O 5. e3 d6 6. Be2 Nbd7 7. O-O e5 8. fxe5 Ng4 9. Qe1 Ngxe5 10. Nxe5 Nxe5 11. Nc3 c6 12. Qg3 h5 13. d4 h4 14. Qf2 Ng4 15. Bxg4 Bxg4 16. Rae1 h3 17. Qg3 hxg2 18. Rf4 f5 19. Qxg2 Qh4 20. Qg3 Qxg3+ 21. hxg3 Rae8 22. Rff1 Bh3 23. Rf4 g5 24. Rf2 Bxd4 25. Nd1 Bg7 26. Bc1 Be5 27. Kh2 Bg4 28. Kg2 Kg7 29. Bb2 d5 30. Bxe5+ Rxe5 31. Nb2 Rfe8 32. Nd1 d4 33. Rd2 c5 34. c3 Bxd1 35. cxd4 cxd4 36. Rexd1 dxe3 37. Rd7+ R8e7 38. Kf3 e2 39. Rxe7+ Rxe7 40. Re1 Kf6 41. b4 Re8 42. a3 b5 43. Kf2 Re4 44. Kf3 Ke5 45. Kf2 Kd4 0-1

[Event "Turkish Cup 2022"]
[Site "Sakarya"]
[Date "2022.03.26"]
[Round "2.37"]
[White "Kisacikoglu, Tolga"]
[Black "Daghan, Devran"]
[Result "0-1"]
[ECO "B12"]
[WhiteElo "1647"]
[BlackElo "1985"]
[Annotator "ChessBase"]
[PlyCount "64"]
[EventDate "2022.03.25"]
[EventType "swiss"]
[EventCountry "TUR"]
[SourceTitle "playchess.com"]
[Source "ChessBase"]
[SourceQuality "1"]
[TimeControl "5400+30"]

1. e4 c6 2. d4 d5 3. e5 Bf5 4. h4 h5 5. Bd3 Bxd3 6. Qxd3 e6 7. Bg5 Qa5+ 8. Nd2 Qa6 9. c4 Ne7 10. Ne2 Nd7 11. O-O c5 12. Rfe1 Nc6 13. Bf4 Nb6 14. b3 dxc4 15. bxc4 cxd4 16. Rec1 Rd8 17. Ng3 Nd7 18. Nf3 Ba3 19. Ne4 Nc5 20. Nxc5 Bxc5 21. Ng5 Qa3 22. Qe4 d3 23. Rcb1 d2 24. Bxd2 Rxd2 25. Rxb7 Nd8 26. Rb8 Bxf2+ 27. Kh1 Qd3 28. Qc6+ Qd7 29. Qe4 Rd1+ 30. Rxd1 Qxd1+ 31. Kh2 Qg1+ 32. Kh3 Qh1# 0-1

[Event "Turkish Cup 2022"]
[Site "Sakarya"]
[Date "2022.03.26"]
[Round "2.39"]
[White "Ibik, Halit Yavuz"]
[Black "Gursu, Sungur"]
[Result "1/2-1/2"]
[ECO "B04"]
[WhiteElo "1996"]
[BlackElo "1562"]
[Annotator "ChessBase"]
[PlyCount "46"]
[EventDate "2022.03.25"]
[EventType "swiss"]
[EventCountry "TUR"]
[SourceTitle "playchess.com"]
[Source "ChessBase"]
[SourceQuality "1"]
[TimeControl "5400+30"]

1. e4 Nf6 2. e5 Nd5 3. d4 d6 4. Nf3 g6 5. Bc4 Nb6 6. Bb3 Bg7 7. Ng5 e6 8. Qf3 Qe7 9. Ne4 h6 10. exd6 cxd6 11. Bf4 e5 12. dxe5 Bxe5 13. Bxe5 dxe5 14. Qxf7+ Qxf7 15. Nd6+ Ke7 16. Nxf7 Re8 17. Nxe5 Nc6 18. f4 Kd8 19. O-O Nxe5 20. fxe5 Rxe5 21. Nc3 Bf5 22. Rfe1 Rxe1+ 23. Rxe1 Kd7 1/2-1/2

[Event "Turkish Cup 2022"]
[Site "Sakarya"]
[Date "2022.03.26"]
[Round "2.40"]
[White "Celik, Ege Yigit"]
[Black "Demirag, Batuhan"]
[Result "0-1"]
[ECO "A13"]
[WhiteElo "1466"]
[BlackElo "1923"]
[Annotator "ChessBase"]
[PlyCount "86"]
[EventDate "2022.03.25"]
[EventType "swiss"]
[EventCountry "TUR"]
[SourceTitle "playchess.com"]
[Source "ChessBase"]
[SourceQuality "1"]
[TimeControl "5400+30"]

1. c4 e6 2. g3 d5 3. Bg2 Nf6 4. Nf3 Bd6 5. b3 O-O 6. O-O Nbd7 7. Bb2 a5 8. Nc3 c6 9. e3 b6 10. d3 Qe7 11. Nd4 Bb7 12. cxd5 cxd5 13. Ndb5 Rfc8 14. Nxd6 Qxd6 15. d4 Ne4 16. Nxe4 dxe4 17. d5 Qxd5 18. Qg4 Ne5 19. Qxe4 Qxe4 20. Bxe4 Nf3+ 21. Bxf3 Bxf3 22. Rac1 f6 23. h3 Rd8 24. Bd4 b5 25. g4 e5 26. Bb6 Rd2 27. a3 h5 28. gxh5 Ra6 29. Bc5 Rd3 30. Rb1 Rc6 31. Rfc1 Bxh5 32. Rb2 Bf7 33. Rbc2 Bxb3 34. Rc3 Rxc3 35. Rxc3 Bc4 36. Ba7 Kf7 37. e4 b4 38. axb4 axb4 39. Rc2 b3 40. Rb2 Ra6 41. Be3 Ra2 42. Rb1 b2 43. Kh2 Bd3 0-1

[Event "Turkish Cup 2022"]
[Site "Sakarya"]
[Date "2022.03.26"]
[Round "2.41"]
[White "Kavri, Yusuf Eren"]
[Black "Kaban, Mahmut"]
[Result "1-0"]
[ECO "E13"]
[WhiteElo "1886"]
[BlackElo "1525"]
[Annotator "NA"]
[PlyCount "65"]
[EventDate "2022.03.25"]
[EventType "swiss"]
[EventCountry "TUR"]
[SourceTitle "playchess.com"]
[Source "ChessBase"]
[SourceQuality "1"]
[TimeControl "5400+30"]

1. d4 Nf6 2. c4 e6 3. Nc3 Bb4 4. Nf3 b6 $11 5. Bg5 Bb7 6. e3 h6 7. Bh4 g5 8. Bg3 Ne4 9. Qc2 d6 10. Bd3 Bxc3+ 11. bxc3 f5 12. O-O-O Nd7 13. h4 Qf6 14. Bxe4 Bxe4 15. Qa4 Ke7 16. Ne5 dxe5 17. Qxd7+ Kxd7 18. dxe5+ Kc6 19. exf6 Bxg2 20. Rhg1 Bf3 21. Rd4 Rhf8 22. Be5 g4 23. Kb2 Rf7 24. Rc1 Raf8 25. Rc2 a5 26. Rcd2 a4 27. Ka3 Ra8 28. Bf4 Ra5 29. Bxh6 e5 30. Rd8 Rxf6 31. Bg5 Rg6 32. Kb4 b5 33. Kxa5 1-0

[Event "Turkish Cup 2022"]
[Site "Sakarya"]
[Date "2022.03.26"]
[Round "2.42"]
[White "Topuz, Mirac Melih"]
[Black "Canbulan, Arda"]
[Result "1-0"]
[ECO "B38"]
[WhiteElo "1515"]
[BlackElo "1867"]
[Annotator "NA RC"]
[PlyCount "103"]
[EventDate "2022.03.25"]
[EventType "swiss"]
[EventCountry "TUR"]
[SourceTitle "playchess.com"]
[Source "ChessBase"]
[SourceQuality "1"]
[TimeControl "5400+30"]

1. e4 c5 2. Nf3 d6 3. c4 Nc6 4. d4 cxd4 5. Nxd4 g6 6. Nc3 Bg7 7. Be3 Nf6 8. Be2 O-O 9. O-O Bd7 10. h3 Nxd4 11. Bxd4 Bc6 12. Qd3 a5 {[%emt 0:00:30] The main line 12...a5 scores better than 12...Nd7.} 13. Nd5 Bxd5 14. exd5 Nd7 {[%emt 0:00:30] [#]} 15. Be3 $146 ({Predecessor:} 15. Bxg7 Kxg7 16. Rac1 Qb6 17. Rc2 Kg8 18. Kh1 Nc5 {½-½ (18) Kurzynsky,M (1993)-Hawranke,D (2131) Pinneberg 2012}) 15... a4 16. Rab1 Qc7 17. Rfc1 b6 18. b4 axb3 19. Qxb3 Rfb8 20. a4 Nc5 21. Bxc5 bxc5 22. Qc2 Qa5 23. Rb5 Rxb5 24. axb5 Qb4 25. Rb1 Ra1 26. Rxa1 Bxa1 27. Bf1 Bb2 28. Qe4 Be5 29. Qc2 h5 30. Qa2 h4 31. Qe2 f5 32. Qa2 Kf7 33. Qe2 Qc3 34. Kh1 Qc1 35. Qd3 Qf4 36. g3 Qxf2 37. Qe2 Qxg3 38. Qg2 Qe3 39. Qe2 Qc3 40. Qd3 Qc1 41. Qf3 Kf6 42. Kg2 Qd2+ 43. Qf2 Bc3 44. Be2 g5 45. Qf3 Bd4 46. Qh5 $2 {[%emt 0:00:30] [#]} (46. Kh1 $17) 46... Kg7 $17 ({But not} 46... Qe3 47. Qh8+ Kg6 48. Bh5#) (46... g4 $1 {mates} 47. Qxh4+ Kg6 48. Qxe7 Be5 49. Qe6+ Kg5 50. Qe7+ Kf4 51. Qh4 Qxe2+ 52. Qf2+ Qxf2+ 53. Kxf2 g3+ 54. Ke2 Ke4 55. b6 f4 56. b7 f3+ 57. Kd2 g2 58. b8=Q g1=Q 59. Kc2 Qg2+ 60. Kc1 Qf1+ 61. Kd2 Qe2+ 62. Kc1 f2 63. Qf8 Bf4+ 64. Qxf4+ Kxf4 65. h4 f1=Q#) 47. Qf3 Qe1 48. Bf1 Kf6 49. b6 Qb1 50. Qh5 Qb2+ 51. Be2 Qb1 52. Qh8+ 1-0

[Event "Turkish Cup 2022"]
[Site "Sakarya"]
[Date "2022.03.26"]
[Round "2.44"]
[White "Arslan, Tayfun"]
[Black "Kocakaplan, Emre"]
[Result "1-0"]
[ECO "B33"]
[WhiteElo "1512"]
[BlackElo "1846"]
[Annotator "NA RC"]
[PlyCount "145"]
[EventDate "2022.03.25"]
[EventType "swiss"]
[EventCountry "TUR"]
[SourceTitle "playchess.com"]
[Source "ChessBase"]
[SourceQuality "1"]
[TimeControl "5400+30"]

1. e4 c5 2. Nf3 Nc6 3. d4 cxd4 4. Nxd4 Nf6 5. Nc3 e5 6. Ndb5 d6 7. Bg5 a6 8. Na3 b5 9. Nd5 Be7 10. Bxf6 Bxf6 $11 11. Bd3 (11. c3 {might be stronger.}) 11... O-O 12. O-O Bg5 13. c4 b4 14. Nc2 a5 15. Nce3 Kh8 16. a3 Rb8 17. axb4 Nxb4 18. b3 Nc6 19. Bc2 g6 20. Nc3 Nd4 21. Ned5 Bh6 22. Ne2 Nxc2 23. Qxc2 f5 24. f3 Be6 25. Nec3 Rc8 26. Ra2 fxe4 27. Qxe4 Bf5 28. Qe2 Rb8 29. Ra3 Qh4 30. g4 Be6 31. Ne4 Bxd5 32. cxd5 Qe7 33. Qd3 Qa7+ 34. Kg2 Qb6 35. g5 Bg7 36. Qc3 Rbc8 37. Qd3 Rc7 38. Ra2 Rfc8 39. Rff2 Bf8 40. Rfc2 Be7 41. Rxc7 Rxc7 42. Rc2 Kg7 43. h4 Kf7 44. Rf2 Kg7 45. f4 Qd4 46. Qxd4 exd4 47. Ra2 Kf7 48. Rxa5 Rc2+ 49. Kf3 Rb2 50. Rb5 Ke8 51. Rb7 Rh2 52. Rb4 Rh3+ 53. Ng3 Rxh4 54. Rxd4 Bd8 55. Rd2 Kd7 56. Ra2 Bb6 57. b4 h6 58. gxh6 Rxh6 59. Kg4 Rh8 60. Rc2 Rf8 61. Rc4 Be3 62. Re4 Bd2 63. Kg5 Rb8 64. Ne2 Bxb4 65. Kxg6 Bc5 66. f5 Rg8+ 67. Kf7 Rg5 68. Kf6 Rg2 69. Nf4 Rg4 70. Re7+ Kc8 71. Ne6 Bb4 72. Kf7 Bc3 73. Rc7+ 1-0

[Event "Turkish Cup 2022"]
[Site "Sakarya"]
[Date "2022.03.26"]
[Round "2.45"]
[White "Isik, Kadri"]
[Black "Dolek, Gokalp Deniz"]
[Result "0-1"]
[ECO "C15"]
[WhiteElo "1858"]
[BlackElo "1520"]
[Annotator "NA"]
[PlyCount "112"]
[EventDate "2022.03.25"]
[EventType "swiss"]
[EventCountry "TUR"]
[SourceTitle "playchess.com"]
[Source "ChessBase"]
[SourceQuality "1"]
[TimeControl "5400+30"]

1. e4 e6 2. d4 d5 3. Nc3 Bb4 4. Nge2 dxe4 5. a3 Be7 6. Nxe4 Nd7 7. Be3 Ngf6 8. N2g3 O-O 9. Bc4 a6 10. O-O b5 11. Bb3 Bb7 12. Nxf6+ Nxf6 13. Nh5 Bd5 $11 14. Nf4 Bxb3 15. cxb3 Nd5 16. Nd3 Bd6 17. Qh5 Qf6 18. Rac1 h6 19. Ne5 Rfd8 20. b4 Ne7 21. h3 Nf5 22. Nc6 Rd7 23. Qf3 Re8 24. g4 Qg6 25. Qe4 Nh4 26. Qxg6 Nxg6 27. f4 Kf8 28. Ne5 Bxe5 29. dxe5 Rd3 30. Kf2 Ne7 31. Ke2 Rb3 32. Rxc7 Rxe3+ 33. Kxe3 Nd5+ 34. Kd4 Nxc7 35. Kc5 Nd5 36. f5 Ke7 37. Kc6 Rb8 38. Rd1 Rb6+ 39. Kc5 Rb7 40. f6+ gxf6 41. exf6+ Kd7 42. Rg1 Nxf6 43. Rf1 Ke7 44. Kc6 Rd7 45. h4 Nd5 46. Kc5 Rc7+ 47. Kd4 Rc4+ 48. Kd3 Rxg4 49. h5 f5 50. Rc1 Kd7 51. Rc5 Rc4 52. b3 Rxc5 53. bxc5 b4 54. axb4 Nxb4+ 55. Kc4 Nc6 56. b4 f4 0-1

[Event "Turkish Cup 2022"]
[Site "Sakarya"]
[Date "2022.03.26"]
[Round "2.46"]
[White "Once, Ahmet Asim"]
[Black "Gazioglu, Halit"]
[Result "0-1"]
[ECO "D11"]
[WhiteElo "1450"]
[BlackElo "1880"]
[Annotator "NA RC"]
[PlyCount "136"]
[EventDate "2022.03.25"]
[EventType "swiss"]
[EventCountry "TUR"]
[SourceTitle "playchess.com"]
[Source "ChessBase"]
[SourceQuality "1"]
[TimeControl "5400+30"]

1. d4 d5 2. Nf3 Nf6 3. g3 Bf5 4. Bg2 h6 5. O-O Nbd7 6. b3 e6 7. Bb2 Be7 8. Nbd2 O-O 9. c4 c6 10. Rc1 Qa5 11. a3 Rac8 12. b4 Qa6 13. Qb3 b5 14. c5 Qb7 15. Ne5 Ra8 16. h3 a5 17. g4 Bh7 18. Ra1 Ra6 19. f4 Rfa8 20. g5 Nxe5 21. gxf6 Nc4 22. Nxc4 bxc4 23. Qe3 Bxf6 24. Bc3 axb4 25. Bxb4 Bf5 26. Rfd1 Qb5 27. Qc3 Qa4 28. e3 Qb3 29. Qxb3 cxb3 30. Rd2 Bc2 31. Re1 Bh4 32. Rf1 Bd8 33. Rxc2 bxc2 34. Rc1 Ba5 35. Rxc2 Bxb4 36. axb4 Ra1+ 37. Bf1 Rb1 38. b5 cxb5 39. c6 Rc8 40. Kf2 Kf8 41. c7 Ke7 42. Rc5 Kd6 43. Bxb5 Rxc7 44. Rxc7 Kxc7 45. Be8 f6 46. Bg6 Rb2+ 47. Kf3 Kd6 48. h4 Ke7 49. h5 f5 50. Kg3 Re2 51. Kf3 Rh2 52. Kg3 Rh1 53. Kg2 $19 Rh4 54. Kf3 Rh3+ 55. Kf2 Kf8 56. Ke2 Rg3 57. Bh7 g5 58. fxg5 Rxg5 59. Kf3 Rxh5 60. Kf4 Kg7 61. Ke5 Kxh7 62. Kxe6 Kg7 63. Kxd5 f4+ 64. Ke4 fxe3 65. Kxe3 Rh4 66. Kd3 Kf6 67. Ke3 Ke6 68. Kd3 Kd5 0-1

[Event "Turkish Cup 2022"]
[Site "Sakarya"]
[Date "2022.03.26"]
[Round "3.1"]
[White "Yasin, Hur"]
[Black "Yurtseven, Melih"]
[Result "1-0"]
[ECO "B12"]
[WhiteElo "1931"]
[BlackElo "2388"]
[Annotator "ChessBase"]
[PlyCount "127"]
[EventDate "2022.03.25"]
[EventType "swiss"]
[EventCountry "TUR"]
[SourceTitle "playchess.com"]
[Source "ChessBase"]
[SourceQuality "1"]
[TimeControl "5400+30"]

1. e4 c6 2. d4 d5 3. e5 Na6 4. c3 Nc7 5. Bd3 g6 6. h4 Bf5 7. h5 Qd7 8. hxg6 fxg6 9. f3 O-O-O 10. g4 Bxd3 11. Qxd3 e6 12. Be3 Qg7 13. Nd2 h5 14. O-O-O hxg4 15. Rxh8 Qxh8 16. fxg4 Bh6 17. g5 Bg7 18. Qxg6 Rf8 19. Qd3 Ne7 20. Rf1 Nf5 21. Bf4 c5 22. dxc5 Bxe5 23. Bxe5 Qxe5 24. Ne2 Qg7 25. Rg1 Qe7 26. b4 e5 27. Qh3 Kb8 28. Rf1 Ng7 29. Rxf8+ Qxf8 30. Nf3 e4 31. Ne5 Ka8 32. Qd7 Nge6 33. Nf7 Kb8 34. Nd4 Nf4 35. Kc2 a6 36. c6 b6 37. Qf5 Ng2 38. Qf2 Ne1+ 39. Qxe1 Qxf7 40. Qg3 Qg6 41. Kd2 b5 42. Ke3 Kc8 43. Qh3+ Kb8 44. Qh6 Qg8 45. Qf6 Qc8 46. Qf5 Qh8 47. Qg4 Qh1 48. Ne2 d4+ 49. Kxd4 Qd1+ 50. Kxe4 Qb1+ 51. Kf3 Qg6 52. Nd4 Qd3+ 53. Kf4 Qxc3 54. Qd7 Qc1+ 55. Kf5 Qf1+ 56. Kg6 Qf4 57. Nf5 Qe5 58. Qd8+ Ka7 59. Qc8 Qe6+ 60. Qxe6 Nxe6 61. Kf6 Nf4 62. g6 Kb6 63. Nd4 Nh5+ 64. Ke5 1-0

[Event "Turkish Cup 2022"]
[Site "Sakarya"]
[Date "2022.03.26"]
[Round "3.2"]
[White "Koksal, Ege"]
[Black "Ibik, Halit Yavuz"]
[Result "1-0"]
[ECO "E11"]
[WhiteElo "2343"]
[BlackElo "1996"]
[Annotator "ChessBase"]
[PlyCount "73"]
[EventDate "2022.03.25"]
[EventType "swiss"]
[EventCountry "TUR"]
[SourceTitle "playchess.com"]
[Source "ChessBase"]
[SourceQuality "1"]
[TimeControl "5400+30"]

1. d4 d5 2. c4 e6 3. Nf3 Nf6 4. g3 c6 5. Qc2 Be7 6. Bg2 b6 7. O-O O-O 8. Bf4 Ba6 9. Nbd2 Nbd7 10. Rfd1 Nh5 11. Ne5 Nxe5 12. Bxe5 f6 13. Bf4 g5 14. Be3 f5 15. Qa4 Bb7 16. cxd5 cxd5 17. Nf3 f4 18. Bd2 a5 19. Ne5 Bd6 20. Bh3 Ng7 21. Qd7 Bxe5 22. Bxe6+ Nxe6 23. Qxe6+ Rf7 24. dxe5 Bc8 25. Qh6 fxg3 26. hxg3 Rg7 27. Bc3 Rg6 28. Qh1 Bb7 29. e4 d4 30. Rxd4 Qe7 31. Rad1 Bc6 32. Rd6 Be8 33. Qh3 g4 34. Rxg6+ Bxg6 35. Qxg4 Rd8 36. f4 Kf8 37. f5 1-0